 Dungeon Crawl Stone Soup version 0.32-a0-128-g77eb882913 (webtiles) character file.

Game seed: 17645497699947766172

55 zeratav the Sneak (level 3, -1/23 HPs)
             Began as an Octopode Shapeshifter on Feb 8, 2024.
             Slain by a gnoll
             ... wielding a +0 spear
              (8 damage)
             ... on level 2 of the Dungeon.
             The game lasted 00:01:17 (942 turns).

zeratav the Sneak (Octopode Shapeshifter)            Turns: 942, Time: 00:01:17

Health: -1/23      AC:  1    Str: 15    XL:     3   Next: 93%
Magic:  3/3        EV: 13    Int: 12    God:
Gold:   96         SH:  0    Dex: 11    Spells: 2/2 levels left

rFire   . .          .
                       - Unarmed
rCold   . . .        (no shield)
rNeg    . . .        (helmet currently unavailable)
rPois   .            (no amulet)
rElec   .            (no ring)
rCorr   .            (no ring)
SInv    .            (no ring)
Will    .....        (no ring)
Stlth   ++++         (no ring)
HPRegen 0.23/turn    (no ring)
MPRegen 0.08/turn    (no ring)
                     (no ring)

%: no passive effects
@: beast-form
A: beast (slay +1), almost no armour, amphibious, 8 rings, camouflage 1,
gelatinous body 1, (nimble swimmer 1), tentacles
a: Begin Untransformation


You were on level 2 of the Dungeon.
You were a hulking beast.
You visited 1 branch of the dungeon, and saw 2 of its levels.

You collected 96 gold pieces.


Innate Abilities, Weirdness & Mutations

You are a hulking beast.
Your limbs bulge with bestial killing power. (Slay +1)
You cannot wear most types of armour.
You are amphibious.
You can wear up to eight rings at the same time.
Your skin changes colour to match your surroundings (Stealth+).
Your rubbery body absorbs attacks. (AC +1, EV +1)
((You are camouflaged when in or above water. (Stealth+)))
You have tentacles for arms and can constrict up to eight enemies at once.


   Skills:
 + Level 1.1 Fighting
 - Level 2.0 Dodging
 - Level 5.0 Stealth
 - Level 3.0 Unarmed Combat
 - Level 3.0 Shapeshifting


You had 2 spell levels left.
You didn't know any spells.
Your spell library contained the following spells:

 Spells                   Type           Power      Damage    Failure   Level
 Call Canine Familiar     Summ           0%         N/A       69%         3
 Sigil of Binding         Hex            0%         N/A       69%         3
 Tukima's Dance           Hex            0%         N/A       69%         3
 Dimensional Bullseye     Hex/Tloc       0%         N/A       97%         4
 Iskenderun's Mystic Bla  Conj/Tloc      0%         2d3       97%         4

Inventory:

Armour
 g - a +0 tower shield
   (You found it on level 1 of the Dungeon)
Talismans
 b - a beast talisman
 c - a flux talisman
Scrolls
 d - a scroll of noise {unknown}
 e - a scroll of vulnerability {unknown}
Potions
 a - a potion of lignification {!q}
 f - a potion of ambrosia {unknown}
 h - a potion of mutation {unknown}
 i - 6 potions of curing {unknown}
 j - a potion of heal wounds {unknown}
 k - a potion of berserk rage {unknown}
 l - a potion of haste {unknown}

Dungeon Overview and Level Annotations

Branches:
Dungeon (2/15) Zot: 11059

Altars:

####........#.##...###.#..
##<.......#....##....##.##.
##...........#........##.##.
#...........###.#.....##.##.
#.....................##....
#...........#.........).....
#..........##†..............
#..........##)..............
##.........hgg(..###########
#..........##....#
#.....^....##....#
#..........##....#
#..........#######
#....).....# ##........##
##......## ########


You could see 2 gnolls.


Message History

Things that are here:
5 gold pieces; a +0 short sword {short}; 2 stones {throwing} HP[-2]
You take 2 damage, and now have 17/23 hp.
You tentacle-slap the jackal. You grab the jackal.
You constrict the jackal, but do no damage.
The jackal bites you. The endoplasm closely misses you.
HP[-3]
You take 3 damage, and now have 14/23 hp.
You tentacle-slap the jackal.
You kill the jackal!
The jackal barely misses you. The endoplasm misses you. The jackal bites you.
You tentacle-slap the jackal. You grab the jackal.
You tentacle-slap the jackal, but do no damage.
You squeeze the jackal.
You kill the jackal!
The endoplasm hits you but does no damage.
You tentacle-slap the endoplasm. The endoplasm hits you.
* * * LOW HITPOINT WARNING * * *
You are too injured to fight recklessly!
HP[-3]
You take 3 damage, and now have 11/23 hp.
You are too injured to fight recklessly!
You are too injured to fight recklessly!
You are too injured to fight recklessly!
You tentacle-slap the endoplasm.
You kill the endoplasm!
The jackal closely misses you. x2
You barely miss the jackal. Your grab misses the jackal.
The jackal barely misses you.
You tentacle-slap the jackal but do no damage.
Your grab misses the jackal.
The jackal bites you but does no damage.
HP[+1]
You tentacle-slap the jackal. Your grab misses the jackal.
The jackal misses you. The jackal bites you.
* * * LOW HITPOINT WARNING * * *
HP[-1]
You take 1 damage, and now have 11/23 hp.
You tentacle-slap the jackal.
You kill the jackal!
You now have 89 gold pieces (gained 5).
Things that are here:
a +0 short sword {short}; 2 stones {throwing} HP[+1] HP[+1]
i - 6 bubbling purple potions (gained 1) HP[+1]
Things that are here:
a +0 short sword {short}; 2 stones {throwing} You now have 96 gold pieces (gained 7).
l - a silvery potion HP[+9]
Your hp is fully restored (23).
A gnoll comes into view. It is wielding a +0 flail.
A gnoll comes into view. It is wielding a +0 club.
The gnoll shouts!
A gnoll comes into view. It is wielding a +0 spear.
A gnoll comes into view.
It is wielding a +0 flail and quivering a throwing net.
The gnoll shouts!
You tentacle-slap the gnoll. You grab the gnoll.
You constrict the gnoll, but do no damage.
The gnoll hits you with a +0 flail!
HP[-7]
You take 7 damage, and now have 16/23 hp.
MASSIVE DAMAGE!! (PAUSE)
You tentacle-slap the gnoll. You squeeze the gnoll!
You kill the gnoll!
The gnoll shouts!
You see here a +0 flail {mace}.
HP[+1]
The gnoll shouts!
HP[+1]
The gnoll throws a throwing net.
The throwing net closely misses you.
HP[+1]
You closely miss the gnoll. You grab the gnoll. You constrict the gnoll.
The gnoll barely misses you.
HP[+1]
You tentacle-slap the gnoll. You squeeze the gnoll. You constrict the gnoll.
The gnoll hits you with a +0 club!
HP[-8]
You take 8 damage, and now have 12/23 hp.
MASSIVE DAMAGE!! (PAUSE)
You completely miss the gnoll. You constrict the gnoll.
You kill the gnoll!
The gnoll hits you from afar with a +0 spear.
* * * LOW HITPOINT WARNING * * *
Training target 5.0 for Stealth reached!
Your Stealth skill increases to level 5!
You need to enable at least one skill for training.
HP[-6]
You take 6 damage, and now have 6/23 hp.
MASSIVE DAMAGE!! (PAUSE)
You completely miss the gnoll. Your grab misses the gnoll.
The gnoll barely misses you. x2
You tentacle-slap the gnoll. You grab the gnoll.
You tentacle-slap the gnoll, but do no damage.
You constrict the gnoll.
The gnoll hits you from afar with a +0 spear!
You die...

Skill      XL: |  1  2  3 |
---------------+----------+-----
Stealth        | 2 3 5 |  5.0
Fighting       | |  1.1
Dodging        | |  2.0
Unarmed Combat | |  3.0
Shapeshifting  | |  3.0

Action                     || total
---------------------------++-------
  Melee: Unarmed           ||    51
         Constrict         ||    12
         Tentacles         ||     6
         Punch             ||     4
   Stab: Sleeping          ||     7
 Armour: Skin              ||    19
  Dodge: Dodged            ||    29

Levels and vault maps discovered:
D:1:      ebering_trefoil_3fold, layout_basic
D:2:      cheibrodos_greedy_goblins, layout_rooms, uniq_terence

Notes
Turn   | Place    | Note
-------+----------+-------------------------------------------
     0 | D:1      | zeratav the Octopode Shapeshifter began the quest for the
                  | Orb.
     0 | D:1      | Reached XP level 1. HP: 13/13 MP: 1/1
     0 | D:1      | magus.rc [v1.9.6]
    52 | D:1      | Reached skill level 2 in Stealth
    52 | D:1      | Reached XP level 2. HP: 11/18 MP: 2/2
   125 | D:1      | Reached skill level 3 in Stealth
   164 | D:1      | You pick up a book of the Hunter and begin reading...
   164 | D:1      | You add the spells Sigil of Binding, Call Canine Familiar
                  | and Dimensional Bullseye to your library.
   401 | D:1      | You pick up a book of Weapons and begin reading...
   401 | D:1      | You add the spells Tukima's Dance and Iskenderun's Mystic
                  | Blast to your library.
   483 | D:1      | Reached XP level 3. HP: 23/23 MP: 3/3
   650 | D:1      | Reached skill level 4 in Stealth
   941 | D:2      | Reached skill level 5 in Stealth
   942 | D:2      | Slain by a gnoll

Vanquished Creatures
  3 gnolls
  A dart slug (D:1)
  A ball python (D:1)
  4 endoplasms
  2 goblins (D:1)
  4 hobgoblins (D:1)
  3 jackals (D:2)
  A quokka (D:1)
  A bat (D:1)
  A kobold (D:2)
  A rat (D:2)
22 creatures vanquished.

Table legend:
 A = Non-vault XP
 B = Vault XP
 C = Vault XP percentage of total XP
 D = Non-vault monster count
 E = Vault monster count
 F = Vault count percentage of total count
                 A         B        C        D         E       F
            +---------+---------+-------+---------+---------+-------
      Total |      79 |       0 |   0.0 |      22 |       0 |   0.0
            +---------+---------+-------+---------+---------+-------
        D:1 |      39 |       0 |   0.0 |      13 |       0 |   0.0
        D:2 |      40 |       0 |   0.0 |       9 |       0 |   0.0
            +---------+---------+-------+---------+---------+-------

Skill      XL: |  1  2  3 |
---------------+----------+-----
Stealth        | 2 3 5 |  5.0
Fighting       | |  1.1
Dodging        | |  2.0
Unarmed Combat | |  3.0
Shapeshifting  | |  3.0

Action                     || total
---------------------------++-------
  Melee: Unarmed           ||    51
         Constrict         ||    12
         Tentacles         ||     6
         Punch             ||     4
   Stab: Sleeping          ||     7
 Armour: Skin              ||    19
  Dodge: Dodged            ||    29

Illustrated notes

Table legend:
 A = Kills in this place as a percentage of kills in the entire game.
 B = Kills by you in this place as a percentage of kills by you in the entire game.
 C = Kills by friends in this place as a percentage of kills by friends in the entire game.
 D = Other kills in this place as a percentage of other kills in the entire game.
 E = Experience gained in this place as a percentage of experience gained in the entire game.
 F = Experience gained in this place divided by the number of levels of this place that you have seen.
                   A       B       C       D       E      F
               +-------+-------+-------+-------+-------+----------------------
         Total | 100.0 | 100.0 |   N/A |   N/A | 100.0 |  39.5
       Dungeon | 100.0 | 100.0 |   N/A |   N/A | 100.0 |  39.5
               +-------+-------+-------+-------+-------+----------------------

Table legend: (Time is in decaauts)
 A = Elapsed time spent in this place.
 B = Non-inter-level travel time spent in this place.
 C = Inter-level travel time spent in this place.
 D = Time resting spent in this place.
 E = Time spent auto-exploring this place.
 F = Levels seen in this place.
 G = Mean time per level.
                   A        B        C        D        E       F      G
               +--------+--------+--------+--------+--------+-----+--------+
         Total |    939 |    902 |     37 |     38 |    673 |   2 |  469.5 |
       Dungeon |    939 |    902 |     37 |     38 |    673 |   2 |  469.5 |
               +--------+--------+--------+--------+--------+-----+--------+

Top non-repeatable levels by time:
     D:1: 783 daAuts
     D:2: 156 daAuts
